 Dungeon Crawl Stone Soup version 0.28-a0-851-g8b9cc49659 (webtiles) character file.

Game seed: 11473444944728812273

302098 frimble the Brawler (level 20, -8/209 HPs)
             Began as a Troll Warper on Nov 15, 2021.
             Was the Champion of Cheibriados.
             Shot with a bolt by a yaktaur (17 damage)
             ... led by a yaktaur captain
             ... on level 4 of the Vaults.
             The game lasted 01:11:33 (35799 turns).

frimble the Brawler (Troll Warper)                 Turns: 35799, Time: 01:11:34

Health: -8/209     AC: 16    Str: 39    XL:     20   Next: 54%
Magic:  10/26      EV: 17    Int: 30    God:    Cheibriados [******]
Gold:   2201       SH: 27    Dex: 28    Spells: 21/29 levels left

rFire   . . .      SeeInvis +     - Unarmed
rCold   . . .      Faith    .   U - +4 tower shield "Elod" {rCorr}
rNeg    + . .      Spirit   .   d - +4 troll leather armour {Pargi}
rPois   .          Reflect  .   Z - +2 hat {SInv}
rElec   +          Harm     .   O - +2 cloak {Will+}
rCorr   +          Rampage  .   (gloves unavailable)
Will    +++..                   (boots unavailable)
Stlth   ++........              I - amulet of regeneration
HPRegen 3.44/turn               B - ring "Melaas" {rElec rN+ Will+ Dex+4}
MPRegen 0.20/turn               E - +4 ring of slaying

@: studying Necromancy, very slow
A: large, unfitting armour, claws 3, regeneration 1, shaggy fur 1, tough skin 1
}: 1/15 runes: gossamer
a: Renounce Religion, Bend Time, Temporal Distortion, Slouch, Step From Time


You were on level 4 of the Vaults.
You worshipped Cheibriados.
Cheibriados was exalted by your worship.
You visited 7 branches of the dungeon, and saw 35 of its levels.
You visited the Abyss 4 times.
You visited 1 bazaar.
You also visited: Sewer, Bailey and Volcano.

You collected 5669 gold pieces.
You spent 3468 gold pieces at shops.

Inventory:

Missiles
 c - 7 boomerangs of dispersal
 l - 4 throwing nets
 t - 22 curare-tipped darts
 u - 37 large rocks
 H - 13 javelins (quivered)
Armour
 d - a +4 troll leather armour (worn) {Pargi}
 O - a +2 cloak of willpower (worn)
 U - the +4 tower shield "Elod" (worn) {rCorr}
   (You found it in a bailey)

   rCorr:     It protects you from acid and corrosion.
 Z - a +2 hat of see invisible (worn)
Jewellery
 a - an amulet of magic regeneration
 B - the ring "Melaas" (left claw) {rElec rN+ Will+ Dex+4}
   (You bought it in a shop in a bazaar)

   [ring of willpower]

   Dex:       It affects your dexterity (+4).
   rElec:     It insulates you from electricity.
   rN:        It protects you from negative energy.
   Will:      It increases your willpower.
 E - a +4 ring of slaying (right claw)
 G - a +4 ring of protection
 I - an amulet of regeneration (around neck)
 N - a ring of fire
 P - a ring of resist corrosion
 Q - a +6 ring of strength
 V - an amulet of guardian spirit
 X - the amulet "Yshule" {Acrobat rElec rC+ Stlth+}
   (You took it off a deep elf pyromancer on level 3 of the Elven Halls)

   [amulet of the acrobat]

   It increases your evasion while moving and waiting.
   rC:        It protects you from cold.
   rElec:     It insulates you from electricity.
   Stlth:     It makes you more stealthy.
Wands
 g - a wand of paralysis (10)
 j - a wand of iceblast (55)
 w - a wand of digging (19)
 y - a wand of flame (154)
 J - a wand of acid (11)
 M - a wand of polymorph (33)
 R - a wand of mindburst (32)
 W - a wand of charming (7)
Scrolls
 b - 4 scrolls of blinking
 k - 13 scrolls of magic mapping
 o - 7 scrolls of fog
 r - 11 scrolls of teleportation
 s - a scroll of enchant armour
 z - 13 scrolls of identify
 D - 4 scrolls of fear
 L - 3 scrolls of amnesia
 S - a scroll of holy word
 Y - a scroll of summoning
Potions
 e - 5 potions of invisibility
 f - 4 potions of resistance
 h - 6 potions of magic
 i - 4 potions of berserk rage
 p - 5 potions of cancellation
 q - 7 potions of brilliance
 v - 3 potions of attraction
 x - 7 potions of curing
 A - 4 potions of mutation
 C - 4 potions of heal wounds
 F - 6 potions of might
 K - 7 potions of flight
 T - 2 potions of ambrosia
Miscellaneous
 m - a condenser vane
 n - a tin of tremorstones (2/2)


   Skills:
 + Level 14.9 Fighting
 - Level 9.4 Throwing
 - Level 5.0 Armour
 + Level 8.0 Dodging
 - Level 15.0 Shields
 + Level 16.8 Unarmed Combat
 + Level 5.1 Spellcasting
 - Level 8.0 Translocations
 - Level 10.0 Invocations
 - Level 10.0 Evocations


You had 21 spell levels left.
You knew the following spells:

 Your Spells              Type           Power      Damage    Failure   Level
a - Blink                 Tloc           100%       N/A       1%          2
b - Apportation           Tloc           100%       N/A       1%          1
c - Manifold Assault      Tloc           54%        N/A       6%          5

Your spell library contained the following spells:

 Spells                   Type           Power      Damage    Failure   Level
 Gell's Gravitas          Tloc           54%        N/A       1%          3
 Lesser Beckoning         Tloc           54%        N/A       1%          3
 Teleport Other           Tloc           54%        N/A       1%          3
 Portal Projectile        Hex/Tloc       62%        N/A       3%          3
 Animate Skeleton         Necr           14%        N/A       6%          1
 Beastly Appendage        Tmut           14%        N/A       6%          1
 Foxfire                  Conj/Fire      28%        2x1d5     6%          1
 Magic Dart               Conj           28%        1d4       6%          1
 Pain                     Necr           28%        1d5       6%          1
 Sandblast                Erth           14%        2d6       6%          1
 Shock                    Conj/Air       28%        1d4       6%          1
 Slow                     Hex            28%        N/A       6%          1
 Sting                    Tmut/Pois      28%        1d4       6%          1
 Summon Small Mammal      Summ           28%        N/A       6%          1
 Call Imp                 Summ           7%         N/A       10%         2
 Corpse Rot               Necr/Air       14%        N/A       10%         2
 Ensorcelled Hibernation  Hex/Ice        14%        N/A       10%         2
 Passwall                 Tmut/Erth      5%         N/A       10%         2
 Poisonous Vapours        Pois/Air       14%        N/A       10%         2
 Scorch                   Fire           14%        2d5       10%         2
 Static Discharge         Conj/Air       7%         N/A       10%         2
 Sublimation of Blood     Necr           7%         N/A       10%         2
 Wereblood                Tmut           7%         N/A       10%         2
 Confusing Touch          Hex            7%         N/A       19%         3
 Conjure Flame            Conj/Fire      7%         6-21      19%         3
 Dazzling Flash           Conj/Hex       14%        N/A       19%         3
 Ignite Poison            Fire/Tmut/Pois 7%         N/A       19%         3
 Inner Flame              Hex/Fire       7%         N/A       19%         3
 Mephitic Cloud           Conj/Pois/Air  7%         N/A       19%         3
 Spider Form              Tmut/Pois      7%         N/A       19%         3
 Stone Arrow              Conj/Erth      14%        3d7       19%         3
 Tukima's Dance           Hex            7%         N/A       19%         3
 Vampiric Draining        Necr           7%         2d6       19%         3
 Airstrike                Air            3%         N/A       52%         4
 Animate Armour           Summ/Erth      14%        N/A       52%         4
 Cause Fear               Hex            3%         N/A       52%         4
 Dispel Undead            Necr           7%         3d8       52%         4
 Flame Wave               Conj/Fire      7%         3d4       52%         4
 Hailstorm                Conj/Ice       7%         3d4       52%         4
 Ice Form                 Ice/Tmut       7%         N/A       52%         4
 Leda's Liquefaction      Hex/Erth       3%         N/A       52%         4
 Olgreb's Toxic Radiance  Pois           7%         N/A       52%         4
 Petrify                  Tmut/Erth      7%         N/A       52%         4
 Sticky Flame             Conj/Fire      7%         2d3       52%         4
 Summon Lightning Spire   Summ/Air       7%         N/A       52%         4
 Blade Hands              Tmut           3%         N/A       86%         5
 Excruciating Wounds      Necr           3%         N/A       86%         5
 Freezing Cloud           Conj/Ice/Air   3%         6-21      86%         5
 Irradiate                Conj/Tmut      3%         3d14      86%         5
 Lee's Rapid Deconstruct  Erth           3%         3d6*      86%         5
 Lightning Bolt           Conj/Air       3%         1d15      86%         5
 Death Channel            Necr           3%         N/A       100%        6
 Iron Shot                Conj/Erth      3%         9d2       100%        6
 Simulacrum               Ice/Necr       3%         N/A       100%        6
 Statue Form              Tmut/Erth      4%         N/A       100%        6
 Summon Hydra             Summ           3%         N/A       100%        7
 Discord                  Hex            3%         N/A       100%        8
 Ignition                 Fire           3%         3d4       100%        8
 Lehudib's Crystal Spear  Conj/Erth      3%         10d3      100%        8
 Maxwell's Capacitive Co  Air            3%         ∞         100%        8
 Chain Lightning          Conj/Air       3%         3d4       100%        9


Dungeon Overview and Level Annotations

Branches:
Dungeon (15/15)            Temple (1/1) D:7            Lair (6/6) D:11
 Shoals (0/4) Lair:2       Spider (4/4) Lair:3          Orc (2/2) D:12
    Elf (3/3) Orc:2        Vaults (4/5) D:14          Crypt (0/3) Vaults:2
 Depths (0/4) D:15          Sewer (visited)          Bailey (visited)
Volcano (visited)
  Slime: Lair:5-6

Altars:
Ashenzari
Cheibriados
Elyvilon
Gozag
Kikubaaqudgha
Makhleb
Sif Muna
Trog
Vehumet
Xom
Yredelemnul

Shops:
D:1 :   D:3 [   D:7 *   D:10 =   D:11 =   D:12 ?   Orc:1 *   Orc:2 [=*(
Vaults:1 *[   Vaults:3 =

Portals:
Trove: D:10 (give +2 gold dragon scales)

Annotations:
Lair:2 1 runed translucent door, exclusion: 3 oklob plants
Lair:5 exclusion: 2 oklob plants
Elf:2 3 runed translucent doors


Innate Abilities, Weirdness & Mutations

You are too large for most types of armour.
You have claws for hands.
Your natural rate of healing is unusually fast.
You are covered in fur. (AC +1)
You have tough skin. (AC +1)


Message History

The ironbound preserver mumbles some strange words.
The ironbound preserver begins to accept its allies' injuries.
You block the ironbound convoker's attack.
You can feel time thicken for a moment.
You kill the ironbound convoker!
Cheibriados thoroughly appreciates the change of pace.
You kill the ironbound convoker!
Cheibriados appreciates the change of pace.
You kill the vault sentinel!
Cheibriados appreciates the change of pace.
You kill the ironbound preserver!
Cheibriados appreciates the change of pace.
You block the vault warden's attack.
The ironbound convoker begins to recite a word of recall!
Your Dodging skill increases to level 8!
You eviscerate the ironbound convoker!!!
You kill the ironbound convoker!
Cheibriados appreciates the change of pace.
You block the ettin's attack. x2
The vault warden hits you with a +0 dire flail of protection!!
* * * LOW HITPOINT WARNING * * *
You closely miss the vault warden.
The vault warden is heavily wounded.
You block the ettin's attack. x2
The vault warden activates a sealing rune.
You scratch the vault warden.
The vault warden is heavily wounded.
You block the ettin's attack.
The ettin hits you with a +0 dire flail!
* * * LOW HITPOINT WARNING * * *
You mangle the vault warden!!
The vault warden is almost dead.
You hear a shout!
The vault warden hits you with a +0 dire flail of protection!!!
* * * LOW HITPOINT WARNING * * *
Casting: Blink (safe; 1% risk of failure)
Confirm with . or Enter, or press ? or * to list all spells.
You blink.
The yaktaur wields a +0 arbalest.
The yaktaur shoots a bolt.
The bolt hits you!
You die...

#.....###...>.#
#.....#:......#
#...#.###.#†..#
#...#.#...#...#
#.###.#####.#.#
#. #.# #.#.#.#
#. ###
#.###.###+..
#.c)..+....).
###C.@#......
#.§)..#.....#
#)p)..# ..#+#
........# ###
#########


You could see a vault warden (strong), an ettin (strong) and a yaktaur.

Vanquished Creatures
  Margery (Vaults:3)
  Bai Suzhen (Spider:2)
  2 liches
  2 deep elf blademasters (Elf:3)
  2 sphinxes
  2 tentacled starspawn (Abyss:4)
  Donald (Elf:2)
  Kirke (Spider:2)
  7 deep elf sorcerers (Elf:3)
  5 ghost moths
  7 emperor scorpions
  Louise (Spider:4)
  12 vault wardens
  6 deep elf elementalists (Elf:3)
  5 war gargoyles (Vaults:3)
  A reaper (Abyss:2)
  5 very ugly things
  14 ironbound preservers
  A lorocyproca (Abyss:2)
  A stone giant (Volcano)
  5 deep elf demonologists (Elf:3)
  An entropy weaver (Lair:3)
  6 dire elephants
  6 deep elf annihilators
  A spark wasp (Spider:4)
  Snorg (Orc:2)
  An ettin (Vaults:1)
  A fire dragon (Lair:5)
  4 yaktaur captains
  4 great orbs of eyes
  3 deep elf high priests (Elf:3)
  8 hydras
  A rakshasa (Abyss:2)
  7 boulder beetles
  4 ironbound thunderhulks
  5 peacekeepers
  10 ironbound frosthearts
  27 two-headed ogres
  2 catoblepae
  13 vault guards
  5 ogre magi
  3 death knights
  The ghost of willcat the Covert, a journeyman DgEn (D:11)
  3 centaur warriors
  3 tengu warriors
  An orc high priest (Elf:1)
  11 dancing weapons
  Urug (Lair:2)
  A thrashing horror (Abyss:2)
  13 deep elf knights
  2 sixfirhies (Abyss:2)
  9 hell knights (Vaults:3)
  3 wretched stars (Abyss:2)
  A shadow demon (Abyss:2)
  9 lindwurms
  A glowing orange brain (Vaults:3)
  32 deep trolls
  8 deep elf archers
  Pikel (D:6)
  14 deep elf pyromancers
  2 orc knights
  23 deep elf zephyrmancers
  13 ironbound convokers
  10 wizards
  4 harpies (Vaults:3)
  5 necromancers
  15 orb spiders
  27 wolf spiders
  A moth of wrath (D:11)
  4 orc sorcerers
  6 cyclopes
  17 ugly things
  A fire giant zombie (Vaults:2)
  15 elephants
  A merfolk siren (Lair:2)
  19 vault sentinels
  5 starcursed masses (Abyss:2)
  2 guardian serpents
  12 black mambas
  A naga mage (D:15)
  2 molten gargoyles (Volcano)
  3 gargoyles
  7 large abominations (Abyss:2)
  17 cane toads
  A smoke demon (Abyss:2)
  4 torpor snails
  18 yaktaurs
  8 komodo dragons
  2 freezing wraiths
  2 tengu conjurers
  12 rime drakes
  10 demonic crawlers
  3 efreet
  6 trolls
  A harpy zombie (Abyss:2)
  A yaktaur zombie (Vaults:2)
  9 meliai
  45 jumping spiders
  2 polar bears (Lair:3)
  A hornet (shapeshifter) (Elf:3)
  15 hornets
  26 slime creatures
  3 raiju (Abyss:2)
  10 dream sheep
  14 blink frogs
  2 air elementals
  3 shadows (D:12)
  90 redbacks
  An ettin skeleton (Vaults:2)
  5 wraiths
  A ynoxinul (Abyss:2)
  A spriggan (shapeshifter) (Elf:3)
  4 water elementals
  33 tarantellas
  11 wyverns
  10 fire bats
  51 yaks
  A vampire (D:12)
  3 basilisks
  5 hogs (Spider:2)
  A golden eye (Abyss:2)
  4 fire elementals
  A yaktaur simulacrum (Vaults:2)
  3 chaos spawn (Abyss:2)
  A redback simulacrum (D:15)
  2 neqoxecs (Abyss:2)
  10 steam dragons
  Edmund (D:5)
  6 wargs
  A naga (D:12)
  3 acid dragons
  23 water moccasins
  Duvessa (D:6)
  A floating eye (Lair:2)
  24 orc warriors
  A hornet zombie (D:7)
  2 sky beasts
  Pargi (Sewer)
  The ghost of zrnsm the Chopper, an amateur DDBe of Trog (D:3)
  2 black bears
  An ice beast (D:7)
  A necrophage (D:4)
  30 ogres
  5 centaurs
  27 wolves
  A lemure (D:6)
  2 human zombies (Vaults:4)
  A phantom (D:7)
  18 bullfrogs
  8 kobold brigands
  4 earth elementals
  3 gnoll sergeants
  9 small abominations
  Dowan (D:6)
  2 scorpions
  2 wyvern zombies
  A scorpion (shapeshifter) (Elf:3)
  A hornet simulacrum (D:14)
  A water moccasin skeleton (D:4)
  A troll zombie (D:12)
  7 killer bees
  A human simulacrum (Vaults:2)
  5 wights (D:8)
  An electric eel (Spider:3)
  5 howler monkeys
  2 jellies
  7 centaur zombies
  2 bullfrog zombies
  A hound (D:5)
  6 lava snakes (Volcano)
  A gnoll shaman (D:4)
  2 quasits (Abyss:2)
  16 orc priests
  2 centaur skeletons
  Jessica (D:2)
  Natasha (twice) (D:2)
  2 iguanas (D:6)
  26 orc wizards
  13 hell rats (Lair:6)
  A killer bee zombie (D:8)
  7 ogre zombies (D:12)
  A hound zombie (D:5)
  2 howler monkey zombies
  Robin (D:3)
  11 adders
  17 gnolls
  A white imp (Abyss:2)
  An ufetubus (Abyss:2)
  3 worms
  5 dart slugs
  68 orcs
  11 endoplasms
  10 giant cockroaches
  14 goblins
  11 hobgoblins
  8 jackals
  8 quokkas
  15 ball pythons
  4 bats
  7 frilled lizards
  4 goblin zombies (D:12)
  A hobgoblin skeleton (D:12)
  4 hobgoblin zombies (D:12)
  22 kobolds
  16 orc zombies (D:12)
  3 rats
1501 creatures vanquished.

Vanquished Creatures (others)
  An ogre mage (D:8)
  5 deep elf knights
  A deep elf archer (Elf:2)
  2 deep elf pyromancers
  A wizard (D:10)
  3 deep elf zephyrmancers
  A large abomination (Abyss:2)
  A human (Spider:2)
  A golden eye (Abyss:2)
  An orc wizard (D:8)
  A demonic plant (Abyss:2)
  37 fungi
  116 plants
  4 starspawn tentacles (Abyss:4)
  8 toadstools (Lair:2)
183 creatures vanquished.

Grand Total: 1684 creatures vanquished

Notes
Turn   | Place    | Note
-------+----------+-------------------------------------------
     0 | D:1      | frimble the Troll Warper began the quest for the Orb.
     0 | D:1      | Reached XP level 1. HP: 19/19 MP: 1/1
   120 | D:1      | Found Erriuwel's Book Shoppe.
   128 | D:1      | Reached skill level 1 in Throwing
   188 | D:1      | Reached XP level 2. HP: 28/28 MP: 3/3
   642 | D:1      | Reached XP level 3. HP: 34/35 MP: 4/4
   645 | D:1      | Learned a level 2 spell: Blink
   890 | D:2      | Noticed Jessica
   899 | D:2      | Killed Jessica
  1019 | D:2      | Noticed Natasha
  1026 | D:2      | Found an ancient bone altar of Kikubaaqudgha.
  1138 | D:2      | Killed Natasha
  1139 | D:2      | Reached XP level 4. HP: 40/42 MP: 5/5
  1326 | D:2      | Noticed Natasha
  1359 | D:2      | Killed Natasha
  1470 | D:2      | Reached XP level 5. HP: 37/49 MP: 6/6
  1499 | D:3      | Noticed Robin
  1509 | D:3      | Killed Robin
  1652 | D:3      | Reached skill level 3 in Unarmed Combat
  1827 | D:3      | Found a faded altar of an unknown god.
  1867 | D:3      | Found a transporter.
  1870 | D:3      | Noticed zrnsm's ghost (amateur DDBe)
  1878 | D:3      | Found a transporter.
  2155 | D:3      | Reached XP level 6. HP: 52/59 MP: 8/8
  2259 | D:3      | Found Jurghiy's Antique Armour Shop.
  2694 | D:4      | Noticed a water moccasin
  2732 | D:3      | Killed a water moccasin
  2818 | D:4      | Reached XP level 7. HP: 54/66 MP: 9/9
  3236 | D:5      | Entered Level 5 of the Dungeon
  3311 | D:4      | Reached skill level 4 in Unarmed Combat
  3497 | D:5      | Reached XP level 8. HP: 75/75 MP: 10/10
  3572 | D:5      | Noticed Edmund
  3582 | D:5      | Killed Edmund
  3982 | D:6      | Noticed Duvessa
  3982 | D:6      | Noticed Dowan
  3982 | D:6      | Noticed a cyclops
  4036 | D:6      | Noticed Pikel
  4074 | D:6      | Killed Pikel
  4075 | D:6      | Reached skill level 5 in Unarmed Combat
  4075 | D:6      | Reached XP level 9. HP: 22/84 MP: 12/12
  4222 | D:6      | Found a glowing drain.
  4235 | Sewer    | Entered a sewer
  4350 | Sewer    | Noticed Pargi
  4370 | Sewer    | Killed Pargi
  4628 | D:7      | Reached skill level 1 in Evocations
  4668 | D:7      | Found a staircase to the Ecumenical Temple.
  4933 | D:7      | Reached skill level 5 in Throwing
  4989 | D:7      | Reached skill level 5 in Fighting
  4989 | D:7      | Reached skill level 5 in Dodging
  5010 | D:7      | Found Ocojag's Assorted Antiques.
  5242 | D:8      | Noticed a two-headed ogre
  5249 | D:8      | Noticed an ogre mage
  5297 | D:8      | Reached skill level 6 in Unarmed Combat
  5455 | D:8      | Noticed a troll
  5466 | D:8      | Noticed a two-headed ogre
  5487 | D:8      | Reached XP level 10. HP: 91/96 MP: 13/13
  5510 | D:7      | Killed a two-headed ogre
  5651 | D:8      | Noticed a two-headed ogre
  5687 | D:8      | Killed a two-headed ogre
  5718 | D:8      | Reached skill level 7 in Unarmed Combat
  5796 | D:8      | Paralysed by a hornet for 3 turns
  6008 | D:8      | Noticed a centaur warrior
  6012 | D:8      | Killed an ogre mage
  6013 | D:8      | Reached skill level 1 in Shields
  6160 | D:6      | Killed a cyclops
  6246 | D:6      | Killed Duvessa
  6247 | D:6      | Reached XP level 11. HP: 102/106 MP: 14/14
  6259 | D:6      | Killed Dowan
  6458 | Temple   | Entered the Ecumenical Temple
  6558 | Temple   | Became a worshipper of Cheibriados the Contemplative
  6735 | D:9      | Noticed a two-headed ogre
  6755 | D:9      | Killed a two-headed ogre
  6965 | D:9      | Paralysed by a hornet for 2 turns
  6970 | D:9      | Paralysed by a hornet for 2 turns
  6982 | D:9      | Paralysed by a hornet for 1 turns
  7113 | D:9      | Reached * piety under Cheibriados
  7291 | D:9      | Paralysed by a hornet for 2 turns
  7299 | D:9      | Reached skill level 8 in Unarmed Combat
  7312 | D:9      | Paralysed by a hornet for 3 turns
  7419 | D:8      | Killed a two-headed ogre
  7442 | D:8      | Killed a centaur warrior
  7493 | D:8      | Got the Catalogue of the Aerial Arsonist
  7648 | D:8      | Reached ** piety under Cheibriados
  8073 | D:8      | Reached skill level 5 in Evocations
  8499 | D:10     | Entered Level 10 of the Dungeon
  8572 | D:10     | Reached *** piety under Cheibriados
  8976 | D:10     | Reached XP level 12. HP: 110/119 MP: 15/15
  8987 | D:10     | Reached skill level 1 in Invocations
  8997 | D:10     | Noticed a two-headed ogre
  9006 | D:10     | Killed a two-headed ogre
  9007 | D:10     | Reached skill level 5 in Shields
  9059 | D:10     | Found a bloodstained altar of Trog.
  9214 | D:10     | Found Xinotsis's Jewellery Boutique.
  9221 | D:10     | Bought a +4 ring of protection for 360 gold pieces
  9420 | D:10     | Noticed a vault guard
  9431 | D:10     | Killed a vault guard
  9442 | D:10     | Found a portal to a secret trove of treasure.
  9769 | D:11     | Found a transporter.
  9772 | D:11     | Noticed willcat's ghost (journeyman DgEn)
  9787 | D:11     | Found a transporter.
  9813 | D:11     | Found a staircase to the Lair.
  9843 | D:11     | Reached **** piety under Cheibriados
  9967 | D:11     | Got the Reference Book on Earthen Toxins
 10008 | D:11     | Found Caumm's Jewellery Shop.
 10040 | D:11     | Bought an amulet of regeneration for 330 gold pieces
 10216 | D:11     | Identified the +3 war axe of the Old World {protect, *Noise
                  | rPois Str+4}
 10380 | Lair:1   | Entered Level 1 of the Lair of Beasts
 10543 | Lair:1   | Noticed a seven-headed hydra
 10550 | Lair:1   | Noticed a five-headed hydra
 10558 | Lair:1   | Killed an eight-headed hydra
 10578 | Lair:1   | Killed a five-headed hydra
 10823 | Lair:1   | Reached skill level 5 in Invocations
 11300 | Lair:2   | Learned a level 1 spell: Apportation
 11424 | Lair:2   | Reached ***** piety under Cheibriados
 11709 | Lair:2   | Noticed a catoblepas
 11722 | Lair:2   | Killed a catoblepas
 11757 | Lair:2   | Noticed Urug
 11780 | Lair:2   | Reached XP level 13. HP: 127/127 MP: 17/17
 11793 | Lair:2   | Killed Urug
 11836 | Lair:2   | Found a staircase to the Shoals.
 11930 | Lair:2   | Found a runed translucent door.
 12906 | Lair:3   | Found a hole to the Spider Nest.
 13322 | Lair:3   | Identified the +5 battleaxe of Iduag {elec, Str+3}
 13530 | Lair:3   | Reached ****** piety under Cheibriados
 14043 | Lair:4   | Reached skill level 10 in Shields
 14550 | Lair:5   | Noticed a fire dragon
 14559 | Lair:5   | Killed a fire dragon
 14561 | Lair:5   | Reached XP level 14. HP: 90/136 MP: 5/20
 14579 | Lair:5   | Reached skill level 10 in Invocations
 14912 | Lair:5   | Found a basalt altar of Yredelemnul.
 15485 | Lair:6   | Entered Level 6 of the Lair of Beasts
 16351 | Lair:6   | Paralysed by a hornet for 2 turns
 16996 | D:11     | Killed willcat's ghost
 17296 | D:3      | Killed zrnsm's ghost
 17743 | D:12     | Found a staircase to the Orcish Mines.
 17761 | Orc:1    | Entered Level 1 of the Orcish Mines
 17774 | Orc:1    | Found Atushrua's General Store.
 17779 | Orc:1    | Bought a scroll of enchant armour for 127 gold pieces
 17800 | Orc:1    | Found a burning altar of Makhleb.
 17805 | Orc:1    | Found a dark tunnel.
 17815 | Volcano  | Entered a volcano
 17942 | Volcano  | Found a bloodstained altar of Trog.
 17967 | Volcano  | Noticed a stone giant
 17974 | Volcano  | Killed a stone giant
 18081 | Orc:1    | Reached XP level 15. HP: 143/143 MP: 21/21
 18617 | Orc:2    | Entered Level 2 of the Orcish Mines
 18729 | Orc:2    | Found a staircase to the Elven Halls.
 18760 | Orc:2    | Paralysed by an ogre mage for 2 turns
 18783 | Orc:2    | Reached skill level 15 in Shields
 18789 | Orc:2    | Noticed Snorg
 18800 | Orc:2    | Killed Snorg
 19122 | Orc:2    | Found Akann's Armour Shoppe.
 19122 | Orc:2    | Found Daoc's Assorted Antiques.
 19123 | Orc:2    | Found Vuisch's Jewellery Boutique.
 19123 | Orc:2    | Found Wocuywke's Weapon Emporium.
 19131 | Orc:2    | Bought a scroll of enchant armour for 217 gold pieces
 19131 | Orc:2    | Bought a scroll of magic mapping for 101 gold pieces
 19134 | Orc:2    | Bought a +4 ring of slaying for 1248 gold pieces
 19533 | D:12     | Reached skill level 9 in Unarmed Combat
 19722 | D:12     | Found Ecydwoax's Magic Scroll Boutique.
 19729 | D:12     | Bought a scroll of magic mapping for 49 gold pieces
 20010 | D:12     | Noticed Sonja
 20022 | D:12     | Noticed Sonja
 20022 | D:12     | Sonja changed into Sonja the naga
 20025 | D:12     | Killed Sonja the naga
 20340 | D:13     | Found a flagged portal.
 20347 | Bailey   | Entered a bailey
 20570 | Bailey   | Identified the +4 tower shield "Elod" {rCorr}
 21452 | D:14     | Cast into level 2 of the Abyss (a wizard)
 21498 | Abyss:2  | Reached skill level 5 in Translocations
 21649 | Abyss:2  | Paralysed by an orc sorcerer for 2 turns
 21737 | D:14     | Escaped the Abyss
 21767 | D:14     | Reached skill level 10 in Unarmed Combat
 21934 | D:14     | Learned a level 5 spell: Manifold Assault
 21951 | D:14     | Reached XP level 16. HP: 156/156 MP: 22/22
 22152 | D:14     | Found a gate to the Vaults.
 22675 | D:15     | Entered Level 15 of the Dungeon
 22675 | D:15     | Found a broken altar of Ashenzari.
 22958 | D:15     | Reached skill level 10 in Fighting
 23129 | D:15     | Paralysed by an orc sorcerer for 7 turns
 23140 | D:15     | Cast into level 3 of the Abyss (a wizard)
 23184 | Abyss:4  | Noticed a tentacled starspawn
 23187 | Abyss:4  | Noticed a lich
 23190 | Abyss:4  | Killed a tentacled starspawn
 23193 | Abyss:4  | Noticed a tentacled starspawn
 23196 | Abyss:4  | Killed a lich
 23203 | Abyss:4  | Killed a tentacled starspawn
 23231 | D:15     | Escaped the Abyss
 23232 | D:15     | Paralysed by an orc sorcerer for 7 turns
 23259 | D:15     | Reached skill level 11 in Unarmed Combat
 23269 | D:15     | Found a staircase to the Depths.
 23638 | Spider:1 | Entered Level 1 of the Spider Nest
 24653 | Spider:2 | Reached skill level 12 in Unarmed Combat
 24935 | Spider:2 | Noticed Kirke
 24949 | Spider:2 | Killed Kirke
 24989 | Spider:2 | Reached XP level 17. HP: 170/170 MP: 23/23
 25871 | Spider:3 | Noticed Bai Suzhen
 26072 | Spider:2 | Killed Bai Suzhen
 26481 | Spider:4 | Entered Level 4 of the Spider Nest
 26980 | Spider:4 | Noticed Louise
 27008 | Spider:4 | Cast into level 2 of the Abyss (Louise)
 27103 | Spider:4 | Escaped the Abyss
 27124 | Spider:4 | Cast into level 2 of the Abyss (Louise)
 27155 | Abyss:2  | Noticed a profane servitor
 27334 | Abyss:2  | Noticed a lich
 27344 | Abyss:2  | Reached skill level 13 in Unarmed Combat
 27368 | Abyss:2  | Killed a lich
 27696 | Spider:4 | Escaped the Abyss
 27711 | Spider:4 | Killed Louise
 28568 | Spider:4 | Got a gossamer rune of Zot
 28818 | Elf:1    | Entered Level 1 of the Elven Halls
 28847 | Elf:1    | Paralysed by an air elemental for 1 turns
 28887 | Elf:1    | Reached XP level 18. HP: 91/183 MP: 24/24
 28947 | Elf:1    | Got the Catalogue of Attacks
 29022 | Elf:1    | Got Kesuich's Catalogue of the Arsonist and Attacks
 29499 | Elf:2    | Found a flickering gateway to a bazaar.
 29511 | Bazaar   | Entered a bazaar
 29511 | Bazaar   | Found Qaeluynk's Antique Weapon Shoppe.
 29511 | Bazaar   | Found Esut's Antique Armour Shoppe.
 29529 | Bazaar   | Found Keor's Magic Scroll Boutique.
 29540 | Bazaar   | Found Rer Car's Jewellery Emporium.
 29548 | Bazaar   | Bought the ring "Melaas" {rElec rN+ Will+ Dex+4} for 361
                  | gold pieces
 29550 | Bazaar   | Found Yxosoe's General Store.
 29587 | Bazaar   | Bought a glowing cloak for 300 gold pieces
 29587 | Bazaar   | Bought a glowing cloak for 300 gold pieces
 29660 | Elf:2    | Noticed Donald
 29670 | Elf:2    | Killed Donald
 29679 | Elf:2    | Reached skill level 14 in Unarmed Combat
 30144 | Elf:2    | Reached skill level 1 in Armour
 30173 | Elf:2    | Found a runed translucent gate.
 30174 | Elf:2    | Found a runed translucent gate.
 30174 | Elf:2    | Found a runed translucent gate.
 30273 | Elf:3    | Entered Level 3 of the Elven Halls
 30314 | Elf:3    | Found a shimmering blue altar of Sif Muna.
 30329 | Elf:3    | Paralysed by an air elemental for 1 turns
 30343 | Elf:3    | Identified the +1 scale mail of Polytheism {rPois rC+
                  | Int+4}
 30933 | Elf:3    | Noticed a Tzitzimitl
 31067 | Elf:3    | Identified the +8 spear of Lijoseugi {flame, Str+2}
 31067 | Elf:3    | Identified the amulet "Yshule" {Acrobat rElec rC+ Stlth+}
 31272 | Elf:3    | Got Bebecu Uwoa's Catalogue of Enchanting Lightness
 31288 | Elf:3    | Got the Papyrus of Cloudy Fire
 31303 | Elf:3    | Got the Almanac of Ashen Shape Shifting
 31576 | Vaults:1 | Entered Level 1 of the Vaults
 31624 | Vaults:1 | Reached XP level 19. HP: 193/193 MP: 25/25
 31628 | Vaults:1 | Found Tesmo's Assorted Antiques.
 31659 | Vaults:1 | Bought a potion of curing for 75 gold pieces
 31690 | Vaults:1 | Found Uhoahel's Armour Emporium.
 32025 | Vaults:1 | Reached skill level 15 in Unarmed Combat
 32707 | Vaults:1 | Identified the +9 hunting sling of the Hungering Asp
                  | {flame, Fragile rN+ Str+5 Stlth-}
 32788 | Vaults:2 | Reached skill level 5 in Armour
 33700 | Vaults:2 | Found a staircase to the Crypt.
 34139 | Vaults:3 | Reached skill level 10 in Evocations
 34158 | Vaults:3 | Noticed Margery
 34175 | Vaults:3 | Killed Margery
 34180 | Vaults:3 | Reached skill level 16 in Unarmed Combat
 34603 | Vaults:3 | Reached XP level 20. HP: 208/208 MP: 26/26
 34861 | Vaults:3 | Found Piocuan's Jewellery Boutique.
 35047 | Vaults:3 | Identified the +9 fustibalus "Xawump" {vorpal, rElec MP+9
                  | Dex-5 Stlth+}
 35742 | Vaults:4 | Reached skill level 5 in Spellcasting
 35798 | Vaults:4 | HP: 5/209 [vault warden (47)]
 35799 | Vaults:4 | Shot with a bolt by a yaktaur

Illustrated notes

Levels and vault maps discovered:
D:1:      evilmike_arrival_crescent, layout_basic, serial_shops, shop,
          minmay_fountain_box, minmay_misc_feat_enclosed
D:2:      layout_loops_ring, basic_altar, uniq_jessica, uniq_natasha
D:3:      minmay_razor_zed, layout_basic,
          shapermc_ecumenical_altar_mp_ritualfount, serial_shops, shop,
          gammafunk_ghost_arena, uniq_robin
D:4:      layout_cave_pools, minmay_fractal_squares_diagonal_5
D:5:      layout_rooms, uniq_edmund
D:6:      layout_rooms, gup_sewer_entry_pipe, uniq_pikel, uniq_duvessa
D:7:      layout_cave_pools, minmay_temple_entry_wispy, serial_shops,
          nicolae_shop_statue_plus
D:8:      nzn_winding_woodlands_cross [nzn_winding_woodlands_5x15_twine,
          nzn_winding_woodlands_5x15_pathside_ponds,
          nzn_winding_woodlands_5x15_cabin,
          nzn_winding_woodlands_5x15_concentric,
          nzn_winding_woodlands_15x15_five_gardens], layout_layer_cave,
          kennysheep_small_square
D:9:      layout_roguey, minmay_misc_feat_diagonals, kennysheep_kite_vault
D:10:     minmay_spotlight, layout_basic, trog_wizard, serial_shops,
          nicolae_shop_statue_plus, enter_trove_5
D:11:     layout_roguey, erik_lair_orcish_takeover, serial_shops, shop,
          gammafunk_ghost_berserking_beasts
D:12:     layout_layer_cave, zombieorc2_lemuel, serial_shops,
          nicolae_shop_crystal, grunt_ministairs_14, uniq_sonja
D:13:     layout_roguey, enter_bailey_1
D:14:     layout_stronghold, erik_vaults_2, chequers_arboretum
D:15:     grunt_enter_depths_magical_seal, layout_long_grid,
          nicolae_ashenzari_skybound
Temple:   roderic_octagonal_lattice_temple
Lair:1:   layout_cave_pods, minivault_25, eino_small_chamber_without_monster,
          beast_lair_carwin_4
Lair:2:   gammafunk_lair_enchanted_lake, layout_cave_shapes,
          minmay_shoals_entry_lonely_mermaid, chequers_serial_rivers_small_b,
          disabler_island, uniq_urug
Lair:3:   layout_concentric_octagons, spider_nest_entry_webs, minivault_23,
          serial_bayou_lagoon_a, minmay_shattered_shrine
Lair:4:   layout_cave_shapes
Lair:5:   layout_long_grid, minmay_slime_entry_oklob_enclosed, basic_altar,
          bobbens_dragon_lair_wall, lemuel_fruit_tree
Lair:6:   hangedman_lair_tendril_chambers, layout_cave_pods, lemuel_fruit_fields
Spider:1: layout_spider_delve, nicolae_spider_wall_of_niches,
          hangedman_spider_tarantella_strand
Spider:2: layout_spider_delve, uniq_kirke
Spider:3: layout_spider_delve, uniq_bai_suzhen
Spider:4: spider_rune_water, uniq_louise
Orc:1:    layout_caves, serial_shops, shop_statue, basic_altar,
          nicolae_volcano_entry_batcave, statue_in_the_mist_lemuel,
          nicolae_orc_rockfall
Orc:2:    st_orc_ogre_mass, layout_caves, uniq_snorg
Elf:1:    layout_loops_ring, minmay_elf_annihilation
Elf:2:    nicolae_elf_blades_crystal_corner, layout_geoelf_diagonals,
          serial_shops, bzr_firewalk, uniq_donald
Elf:3:    minmay_elf_hall_x, layout_loops_ring, basic_altar
Vaults:1: hangedman_vaults_impose, grunt_vaults_diagonal, vaults_room_door_hall,
          nicolae_vaults_shelves_hall, vaults_room_grunt_arrival_ludios,
          layout_vaults_quadrants, serial_shops, nicolae_shop_trees,
          nicolae_shop_statue_plus
Vaults:2: nicolae_vaults_network_barrier, hangedman_vaults_stagger,
          blue_anna_dwarven_crypt, v_rooms_5, v_misc_8,
          nicolae_vaults_little_squares_1, v_alt_pattern_4,
          nicolae_vaults_sealed_display, hangedman_vaults_restitches,
          nicolae_vaults_little_squares_6, v_misc_9, ontoclasm_vaults_gateway,
          vaults_dpeg_cross, layout_vaults_omnicross
Vaults:3: grunt_vaults_funnel, vaults_room_octagon, v_misc_16, vaults_room_grid,
          nicolae_vaults_hallways_thing, v_misc_3,
          ontoclasm_vaults_loading_screen, nicolae_vaults_little_squares_5,
          nicolae_vaults_specimen_jars, v_misc_10, nicolae_vaults_theta,
          v_misc_19, st_cells, nicolae_vaults_gold_heap, vaults_room_pool,
          vaults_dpeg_ring, ontoclasm_vaults_chip, vaults_dpeg_hooks,
          layout_vaults_ring, serial_shops, shop, uniq_margery
Vaults:4: v_alt_pattern_1, vaults_mumra_hex, hellmonk_guarded_unrand_gong,
          nicolae_vaults_triangles, nicolae_vaults_network_star,
          nicolae_vaults_ninety_degrees, ontoclasm_vaults_twist, v_misc_30,
          vaults_room_door_ring, vaults_room_stairs_pillars, v_rooms_3,
          nicolae_vaults_circle_grid_a, v_misc_14, layout_vaults_omnibox

Skill      XL: |  1  2  3  4  5  6  7  8  9 10 11 12 13 14 15 16 17 18 19 20 |
---------------+-------------------------------------------------------------+-----
Throwing       | 1 2 3 4 5 6 7 8 9 |  9.4
Dodging        | 2 3 4 5 6 8 |  8.0
Fighting       | 2 3 4 5 6 7 8 9 11 12 13 14 | 14.9
Unarmed Combat | 3 4 5 6 7 8 10 12 13 14 16 | 16.8
Spellcasting   | 2 3 4 5 |  5.1
Translocations | 3 4 5 7 8 |  8.0
Evocations     | 2 4 5 6 7 8 10 | 10.0
Shields        | 1 4 7 10 13 15 | 15.0
Invocations    | 6 9 10 | 10.0
Armour         | 4 5 |  5.0

Action                   |  1- 3 |  4- 6 |  7- 9 | 10-12 | 13-15 | 16-18 | 19-21 || total
-------------------------+-------+-------+-------+-------+-------+-------+-------++-------
Melee: Unarmed           |   122 |   275 |   439 |   647 |  1372 |  1248 |   812 ||  4915
       Punch             |       |     4 |     6 |    33 |    42 |       |       ||    85
Throw: Boomerang         |     5 |    14 |    19 |    46 |    42 |     7 |       ||   133
       Dart              |       |       |    17 |    91 |    23 |    97 |       ||   228
       Large rock        |       |       |       |     4 |     5 |    44 |       ||    53
       Javelin           |       |       |       |     5 |     7 |     4 |     1 ||    17
 Cast: Blink             |       |     2 |     5 |    19 |    18 |    14 |     4 ||    62
       Apportation       |       |       |       |     6 |     5 |    11 |       ||    22
       Manifold Assault  |       |       |       |       |       |     7 |       ||     7
Invok: Slouch            |       |       |       |       |    13 |    21 |     4 ||    38
       Step From Time    |       |       |       |       |       |     3 |       ||     3
Evoke: Wand              |       |       |     4 |    17 |    15 |    11 |     1 ||    48
       Condenser vane    |       |       |       |       |       |     4 |     2 ||     6
  Use: Scroll            |     3 |     3 |    11 |     9 |     8 |     9 |     2 ||    45
       Potion            |       |     1 |     9 |     1 |       |    13 |       ||    24
 Stab: Sleeping          |       |     1 |       |       |     3 |     5 |     2 ||    11
       Paralysed         |       |       |       |     5 |       |       |       ||     5
       Distracted        |       |       |       |       |     3 |     2 |       ||     5
Armor: Robe              |    58 |   102 |    83 |       |       |       |       ||   243
       Troll leather arm |       |       |    74 |   227 |   437 |   518 |   135 ||  1391
       Skin              |       |       |     9 |       |       |       |       ||     9
Dodge: Dodged            |    66 |   144 |   212 |   425 |   678 |   466 |   257 ||  2248
Block: Tower shield      |       |       |       |       |  1086 |  1581 |   892 ||  3559

Table legend: (Time is in decaauts)
 A = Elapsed time spent in this place.
 B = Non-inter-level travel time spent in this place.
 C = Inter-level travel time spent in this place.
 D = Time resting spent in this place.
 E = Time spent auto-exploring this place.
 F = Levels seen in this place.
 G = Mean time per level.
                   A        B        C        D        E       F      G
               +--------+--------+--------+--------+--------+-----+--------+
         Total |  54145 |  49772 |   4373 |    131 |  37897 |  45 | 1203.2 |
       Dungeon |  19230 |  17015 |   2215 |      0 |  13108 |  15 | 1282.0 |
        Temple |    118 |     91 |     27 |      0 |     85 |   1 |  118.0 |
          Lair |  11606 |  10591 |   1015 |      0 |   8880 |   6 | 1934.3 |
   Spider Nest |   6658 |   6277 |    381 |    130 |   4886 |   4 | 1664.5 |
  Orcish Mines |   2271 |   2173 |     98 |      0 |   1655 |   2 | 1135.5 |
   Elven Halls |   4231 |   3857 |    374 |      0 |   2800 |   3 | 1410.3 |
        Vaults |   6890 |   6630 |    260 |      0 |   5260 |   4 | 1722.5 |
         Abyss |   1609 |   1609 |      0 |      0 |    554 |   6 |  268.2 |
        Bazaar |    181 |    181 |      0 |      0 |    104 |   1 |  181.0 |
         Sewer |    259 |    259 |      0 |      1 |     82 |   1 |  259.0 |
        Bailey |    735 |    735 |      0 |      0 |    331 |   1 |  735.0 |
       Volcano |    351 |    351 |      0 |      0 |    150 |   1 |  351.0 |
               +--------+--------+--------+--------+--------+-----+--------+

Top non-repeatable levels by time:
  Lair:3: 2576 daAuts
Spider:4: 2357 daAuts
Spider:2: 2282 daAuts
    D:12: 2266 daAuts
  Lair:6: 2257 daAuts
Vaults:2: 2218 daAuts
     D:8: 2084 daAuts
Vaults:3: 2068 daAuts
Vaults:1: 2060 daAuts
    D:14: 2012 daAuts
  Lair:2: 1936 daAuts
   Elf:3: 1935 daAuts
  Lair:5: 1832 daAuts
    D:10: 1758 daAuts
  Lair:1: 1594 daAuts
